 Dungeon Crawl Stone Soup version 0.17-a0-1846-g2561f35 (webtiles) character file.

1108 Geeful the Martial Artist (level 8, -13/58 HPs)
             Began as a Human Wanderer on Sept 17, 2015.
             Mangled by Menkaure (14 damage)
             ... on level 5 of the Dungeon.
             The game lasted 00:18:37 (6139 turns).

Geeful the Martial Artist (Human Wanderer)          Turns: 6139, Time: 00:18:37

Health: -13/58     AC:  6    Str: 12    XL:     8   Next: 59%
Magic:  8/8        EV: 10    Int: 15    God:
Gold:   275        SH:  0    Dex: 13    Spells: 0 memorised, 7 levels left

rFire  . . .     SeeInvis .       - Unarmed
rCold  . . .     Clarity  .     c - +0 ring mail
rNeg   + . .     SustAt   .     (no shield)
rPois  .         Gourm    .     (no helmet)
rElec  .         Spirit   .     (no cloak)
rCorr  .         Warding  +     (no gloves)
rMut   .         Stasis   .     u - +0 pair of boots {Stlth+}
MR     .....                    r - amulet of warding
Stlth  +.........               (no ring)
                                (no ring)

@: about to teleport, flying, very slightly contaminated, hasted, very quick,
not resistant to hostile enchantments, very unstealthy
A: no striking features
a: no special abilities


You were on level 5 of the Dungeon.
You were not hungry.

You visited 1 branch of the dungeon, and saw 5 of its levels.
You also visited: Ossuary.

You collected 275 gold pieces.

Inventory:

Missiles
 e - 4 tomahawks of returning (quivered)
 h - 11 poisoned needles
 n - 6 tomahawks
Armour
 c - a +0 ring mail (worn)
 u - a +0 pair of boots of stealth (worn)
Jewellery
 l - an uncursed ring of fire
 o - an uncursed ring of flight
 r - an amulet of warding (around neck)
Magical devices
 a - a wand of enslavement (0)
Scrolls
 b - a scroll of amnesia
 f - a scroll of remove curse
 i - a scroll of teleportation
 j - 2 scrolls of enchant weapon
 k - a scroll of blinking
 q - a scroll of enchant armour
Potions
 m - 2 potions of brilliance
 v - a potion of cancellation
Comestibles
 d - 5 bread rations
 s - a meat ration
 w - a chunk of flesh


   Skills:
 - Level 3.0 Fighting
   Level 2.0 Long Blades
   Level 2.0 Maces & Flails
 - Level 1.0 Armour
 - Level 1.0 Stealth
   Level 1.0 Shields
 * Level 9.5 Unarmed Combat


You had 7 spell levels left.
You didn't know any spells.

Dungeon Overview and Level Annotations

Branches:
Dungeon (5/15)
 Temple: D:4-7

Altars:

Annotations:
D:5 Menkaure


Message History

You closely miss the orc wizard.
The orc wizard is almost dead.
The orc wizard mumbles some strange words.
The orc wizard flickers and vanishes!
Deactivating autopickup; reactivate with Ctrl-A.
You punch the orc!
You kill the orc!
Your surroundings suddenly seem different.
Read which item? (? for menu, Esc to quit)
As you read the scroll of teleportation, it crumbles to dust.
You feel strangely unstable.
Menkaure's bandages flutter.
Drink which item? (? for menu, Esc to quit)
You feel yourself speed up.
You are very lightly contaminated with residual magic.
A puff of flame appears from out of thin air!
The puff of flame hits you!
* * * LOW HITPOINT WARNING * * *
Menkaure hits you!
You die...

#.....†####
####..
#......#
####.
#...[..#
#....
#......#
#....
#......#
#....
#......#
#....
#......###
#....
#......M.#
#....
#.......@#
#....
##[##....#
#....
#.#######
##...
#o#8###8##
#...
#oM....M..
#.........
#.........
###8###8##
## #


You could see Menkaure.

Vanquished Creatures
  Duvessa (D:4)
  A centaur (D:4)
  The ghost of Geeful the Insei, an average HuWn (D:3)
  An elf zombie (Ossuary)
  Dowan (D:4)
  2 human zombies (Ossuary)
  2 centaur zombies (Ossuary)
  3 orc priests
  4 orc wizards
  Natasha (thrice) (D:4)
  An iguana (D:4)
  2 big kobold zombies (Ossuary)
  A hound zombie (Ossuary)
  A hound skeleton (D:5)
  3 mummies (Ossuary)
  4 gnolls
  8 adders
  An ooze (D:3)
  An adder zombie (Ossuary)
  6 worms
  A giant gecko (D:4)
  16 orcs
  2 giant cockroaches
  9 goblins
  7 hobgoblins
  6 bats
  5 giant newts
  A goblin zombie (Ossuary)
  6 hobgoblin zombies (Ossuary)
  6 jackals
  5 jackal zombies (Ossuary)
  3 kobolds
  4 kobold zombies (Ossuary)
  An orc zombie (Ossuary)
  5 quokka zombies (Ossuary)
  8 rats
  5 rat zombies (Ossuary)
137 creatures vanquished.

Notes
Turn   | Place    | Note
--------------------------------------------------------------
     0 | D:1      | Geeful the Human Wanderer began the quest for the Orb.
     0 | D:1      | Geeful set off with: a +2 falchion, a +0 hand axe, a +0 ring mail, a bread ration
     0 | D:1      | Reached XP level 1. HP: 18/18 MP: 1/1
   111 | D:1      | Reached skill level 1 in Unarmed Combat
   111 | D:1      | Reached XP level 2. HP: 4/24 MP: 2/2
   563 | D:1      | Reached XP level 3. HP: 21/29 MP: 3/3
  1058 | D:2      | Reached XP level 4. HP: 35/35 MP: 4/4
  1364 | D:2      | Reached skill level 4 in Unarmed Combat
  1739 | D:3      | Noticed Geeful's ghost (average HuWn)
  1759 | D:3      | Killed Geeful's ghost
  1759 | D:3      | Reached skill level 5 in Unarmed Combat
  1759 | D:3      | Reached XP level 5. HP: 4/41 MP: 5/5
  2379 | D:3      | Reached XP level 6. HP: 38/47 MP: 6/6
  3016 | D:4      | Found a sand-covered staircase.
  3022 | Ossuary  | Entered an ossuary
  3227 | Ossuary  | Reached skill level 6 in Unarmed Combat
  3610 | Ossuary  | Reached XP level 7. HP: 37/52 MP: 7/7
  3872 | Ossuary  | Reached skill level 7 in Unarmed Combat
  4345 | D:4      | Noticed Duvessa
  4376 | D:4      | Noticed Dowan
  4381 | D:4      | Killed Duvessa
  4381 | D:4      | Reached skill level 8 in Unarmed Combat
  4381 | D:4      | Reached XP level 8. HP: 26/58 MP: 8/8
  4391 | D:4      | Killed Dowan
  4827 | D:4      | Noticed Natasha
  4838 | D:4      | Killed Natasha
  5122 | D:4      | Noticed Natasha
  5127 | D:4      | Killed Natasha
  5333 | D:4      | Noticed Natasha
  5338 | D:4      | Killed Natasha
  5370 | D:5      | Entered Level 5 of the Dungeon
  5395 | D:4      | Reached skill level 9 in Unarmed Combat
  6102 | D:5      | Noticed Menkaure
  6136 | D:5      | HP: 1/58 [something/puff of flame (6)]
  6139 | D:5      | Mangled by Menkaure

Vault maps used:
D:1:      matt_arrival_debris
D:2:      hex_large
D:3:      first_bread
D:4:      nicolae_ossuary_entry_plus, uniq_duvessa, uniq_natasha
D:5:      serial_corexii_hall, corexii_hall_statues_i, corexii_hall_statues_x,
          okawaru_trees_1, uniq_menkaure, uniq_prince_ribbit1
Ossuary:  minmay_ossuary_two_tombs

Action                   |  1- 3 |  4- 6 |  7- 9 || total
-------------------------+-------+-------+-------++-------
Melee: Unarmed           |    10 |       |   153 ||   163
       Dagger            |    63 |   254 |    98 ||   415
Evoke: Wand              |       |       |     2 ||     2
  Use: Potion            |       |     3 |     5 ||     8
       Scroll            |       |       |    12 ||    12
  Eat: Chunk             |       |     7 |     4 ||    11
       Beef jerky        |       |     1 |       ||     1
       Meat ration       |       |       |     1 ||     1
